Golden Knights vs Panthers

Created - May 20, 2022 at 23:50

Goals
1 2 3 T
Golden Knights 0 0 0 0
Panthers 0 0 1 1
Shots
1 2 3 T
Golden Knights 12 4 15 31
Panthers 13 13 8 34

1st period

No Goal

Penalties :
Andrew Cogliano (Veg) for Tripping (Minor) at 0:13

2nd period

No Goal

Penalties :
Martin Hanzal (Veg) for Tripping (Minor) at 5:36

3rd period

1. Panthers , Taylor Hall 31 (Matt Duchene 56) at 19:05 (PP)

Penalties :
Anze Kopitar (Flo) for Hooking (Minor) at 2:58, Vladimir Mihalik (Veg) for Interference (Minor) at 18:55

Goalie Stats

Ondrej Pavelec (Veg), 33 saves from 34 shots - (0.971), L, 21-24-7, 59:09 minutes
Petr Mrazek (Flo), 31 saves from 31 shots - (1.000), W, 31-19-4, 60:00 minutes

Players Stats for Golden Knights

Player Name              G  A  P  +/- PIM S  H  SB GA TA FO     MP     PP MP  PK MP  
------------------------------------------------------------------------------------
Andrei Loktionov         0  0  0   0  0   6  5  0  1  0  13/23  25:35   1:08   2:19 
Andrew Cogliano          0  0  0   0  2   2  3  1  0  0  0/1    19:19   0:58   1:24 
Chris Tierney            0  0  0   0  0   1  2  0  1  0  1/6    13:50   0:10   0:09 
Damien Brunner           0  0  0   0  0   2  1  0  0  1  0/0    16:58   0:51   0:00 
Danny DeKeiser           0  0  0   0  0   0  2  0  0  0  0/0    19:25   1:10   1:21 
Eric Gryba               0  0  0   0  0   1  2  1  0  3  0/0    19:13   1:10   1:21 
Jamie Oleksiak           0  0  0   0  0   0  0  0  0  0  0/0     4:35   0:00   0:00 
Kellan Lain              0  0  0   0  0   1  0  0  1  0  1/1    18:37   0:51   1:31 
Luke Glendening          0  0  0   0  0   2  1  1  0  1  0/1    14:37   0:00   1:18 
Martin Hanzal            0  0  0   0  2   0  0  0  0  1  1/4     8:10   0:00   0:00 
Mathew Dumba             0  0  0   0  0   0  1  2  0  2  0/0    23:40   0:49   2:47 
Matt Stajan              0  0  0   0  0   6  0  0  1  1  12/19  18:13   0:51   1:13 
Nathan Horton            0  0  0   0  0   1  3  1  0  0  1/2    17:35   0:58   0:00 
Olli Maatta              0  0  0   0  0   0  1  0  0  2  0/0    13:00   0:00   0:00 
Thomas Vanek             0  0  0   0  0   1  0  0  0  0  0/1    14:27   0:10   0:22 
Tom Wilson               0  0  0   0  0   2  1  0  0  0  0/0     7:51   0:00   0:00 
Vladimir Mihalik         0  0  0   0  2   0  1  0  0  1  0/0    13:12   0:00   0:00 
Zach Bogosian            0  0  0   0  0   6  0  3  0  0  0/0    27:32   0:49   2:47 

Players Stats for Panthers

Player Name              G  A  P  +/- PIM S  H  SB GA TA FO     MP     PP MP  PK MP  
------------------------------------------------------------------------------------
Adam Larsson             0  0  0   0  0   1  4  1  2  0  0/0    27:44   1:52   0:59 
Andrej Sekera            0  0  0   0  0   0  2  0  0  1  0/0    13:46   0:00   1:00 
Anze Kopitar             0  0  0   0  2   4  1  0  2  0  9/18   18:00   1:44   0:00 
Benoit Pouliot           0  0  0   0  0   0  2  0  0  0  0/0    17:46   1:44   0:44 
Byron Bitz               0  0  0   0  0   2  1  0  0  0  0/0    10:50   0:00   0:00 
Dalton Prout             0  0  0   0  0   1  1  1  0  1  0/0    20:23   2:16   0:59 
Dan Hamhuis              0  0  0   0  0   0  1  2  1  0  0/0    12:41   0:00   0:00 
Dany Heatley             0  0  0   0  0   0  1  0  0  0  0/1    11:46   0:00   0:56 
Daultan Leveillé         0  0  0   0  0   1  0  0  0  0  2/3     8:52   0:00   0:54 
Jordan Eberle            0  0  0   0  0   2  0  0  0  0  0/1    19:00   1:44   0:59 
Josh Gorges              0  0  0   0  0   1  2  0  1  0  0/0    19:35   2:16   1:00 
Kasperi Kapanen          0  0  0   0  0   0  0  0  1  0  0/0     7:53   0:00   0:00 
Matt Duchene             0  1  1   0  0   8  2  0  2  1  16/28  21:42   2:24   0:25 
Max Reinhart             0  0  0   0  0   3  1  0  1  0  0/1    10:50   0:00   0:00 
Nick Bjugstad            0  0  0   0  0   1  1  0  1  0  2/5    21:17   2:24   0:00 
Oscar Klefbom            0  0  0   0  0   0  1  1  0  1  0/0    25:51   1:52   0:00 
R.J. Umberger            0  0  0   0  0   2  0  0  0  0  0/0     7:53   0:00   0:00 
Taylor Hall              1  0  1   0  0   8  2  1  1  0  0/1    22:11   2:24   0:00 

3 Stars

1 - Petr Mrazek (Flo)
2 - Ondrej Pavelec (Veg)
3 - Taylor Hall (Flo)

Power Play

Golden Knights - 0 on 1 Attempt(s) - 0.00%
Panthers - 1 on 3 Attempt(s) - 33.33%

Penalty Kill

Golden Knights - 2 on 3 Attempt(s) - 66.67% - Score 0 goal in Penalty Kill
Panthers - 1 on 1 Attempt(s) - 100.00% - Score 0 goal in Penalty Kill

Team Stat

Golden Knights - Hits : 23 - Faceoff Wins : 29 - Blocked Shots : 9 - Penalty Minutes : 6
Panthers - Hits : 22 - Faceoff Wins : 29 - Blocked Shots : 6 - Penalty Minutes : 2

Official

Referees : Chris Lee and TJ Luxmore
Linesman : Ryan Galloway and Trent Knorr

Game Notes

19:23 of 1st period - Golden Knights goal is going for a video replay. After video review, No Goal. The puck has been kicked using a distinct kicking motion.

Finance

Level 1 -- Attendance: 6000 (100.00%) -- Ticket Income $600,000
Level 2 -- Attendance: 4899 (97.98%) -- Ticket Income $293,940
Level 3 -- Attendance: 2000 (100.00%) -- Ticket Income $70,000
Level 4 -- Attendance: 4000 (100.00%) -- Ticket Income $100,000
Luxury Box -- Attendance: 1000 (100.00%) -- Ticket Income $200,000
Game was played at the BBT Center.
Total Attendance: 17899 (99.44%)
Total Ticket Income: $1,263,940
Other Income: $189,591
Total Income: $1,453,531

Golden Knights

5 vs 5 Forward 
   Center                   Left Wing                Right Wing               Time % Phy DF OF 
 1 Andrei Loktionov         Andrew Cogliano          Nathan Horton            40     1   2  2  
 2 Matt Stajan              Kellan Lain              Damien Brunner           30     1   2  2  
 3 Chris Tierney            Thomas Vanek             Luke Glendening          20     1   2  2  
 4 Martin Hanzal            Andrei Loktionov         Tom Wilson               10     1   2  2  

5 vs 5 Defense 
   Defense                  Defense                                           Time % Phy DF OF 
 1 Zach Bogosian            Mathew Dumba                                      40     1   2  2  
 2 Danny DeKeiser           Eric Gryba                                        30     1   2  2  
 3 Vladimir Mihalik         Olli Maatta                                       20     1   2  2  
 4 Jamie Oleksiak           Zach Bogosian                                     10     1   2  2  

PowerPlay Forward 
   Center                   Left Wing                Right Wing               Time % Phy DF OF 
 1 Andrei Loktionov         Andrew Cogliano          Nathan Horton            60     1   2  2  
 2 Matt Stajan              Kellan Lain              Damien Brunner           40     1   2  2  

PowerPlay Defense
   Defense                  Defense                                           Time % Phy DF OF 
 1 Zach Bogosian            Mathew Dumba                                      60     1   2  2  
 2 Danny DeKeiser           Eric Gryba                                        40     1   2  2  

Penalty Kill 4 Players Forward 
   Center                   Wing                     Time % Phy DF OF 
 1 Andrei Loktionov         Andrew Cogliano          60     1   2  2  
 2 Matt Stajan              Kellan Lain              40     1   2  2  

Penalty Kill 4 Players Defense
   Defense                  Defense                  Time % Phy DF OF 
 1 Zach Bogosian            Mathew Dumba             60     1   2  2  
 2 Danny DeKeiser           Eric Gryba               40     1   2  2  

Penalty Kill - 3 Players Forward 
   Forward                                           Time % Phy DF OF 
 1 Andrei Loktionov                                  60     1   2  2  
 2 Andrew Cogliano                                   40     1   2  2  

Penalty Kill - 3 Players Defense
   Defense                  Defense                  Time % Phy DF OF 
 1 Zach Bogosian            Mathew Dumba             60     1   2  2  
 2 Danny DeKeiser           Eric Gryba               40     1   2  2  

4 vs 4 Forward 
   Center                   Wing                     Time % Phy DF OF 
 1 Andrei Loktionov         Andrew Cogliano          60     1   2  2  
 2 Matt Stajan              Kellan Lain              40     1   2  2  

4 vs 4 Defense
   Defense                  Defense                  Time % Phy DF OF 
 1 Zach Bogosian            Mathew Dumba             60     1   2  2  
 2 Danny DeKeiser           Eric Gryba               40     1   2  2  

Last Minutes Offensive
   Center                   Left Wing                Right Wing               Defense                  Defense                  
   Andrei Loktionov         Andrew Cogliano          Nathan Horton            Zach Bogosian            Mathew Dumba             

Last Minutes Defensive
   Center                   Left Wing                Right Wing               Defense                  Defense                  
   Andrei Loktionov         Andrew Cogliano          Nathan Horton            Zach Bogosian            Mathew Dumba             

Goaltenders
Starting : Ondrej Pavelec           
Backup : Matt Hackett             

Extra Forwards
Normal : Thomas Vanek, Chris Tierney, Luke Glendening - PP : Thomas Vanek, Chris Tierney - PK : Luke Glendening
Extra Defensemen
Normal : Vladimir Mihalik, Olli Maatta, Jamie Oleksiak - PP : Vladimir Mihalik - PK : Olli Maatta, Jamie Oleksiak
Penalty Shots
Andrei Loktionov, Andrew Cogliano, Matt Stajan, Kellan Lain, Thomas Vanek

Scratches
Michael Raffl (Healthy), Shawn Matthias (Healthy)

Panthers

5 vs 5 Forward 
   Center                   Left Wing                Right Wing               Time % Phy DF OF 
 1 Matt Duchene             Taylor Hall              Nick Bjugstad            40     0   2  3  
 2 Anze Kopitar             Benoit Pouliot           Jordan Eberle            30     0   2  3  
 3 Max Reinhart             Dany Heatley             Byron Bitz               20     1   2  2  
 4 Daultan Leveillé         R.J. Umberger            Kasperi Kapanen          10     1   2  2  

5 vs 5 Defense 
   Defense                  Defense                                           Time % Phy DF OF 
 1 Adam Larsson             Oscar Klefbom                                     40     0   2  3  
 2 Dalton Prout             Josh Gorges                                       30     1   2  2  
 3 Andrej Sekera            Dan Hamhuis                                       20     1   2  2  
 4 Adam Larsson             Oscar Klefbom                                     10     0   2  3  

PowerPlay Forward 
   Center                   Left Wing                Right Wing               Time % Phy DF OF 
 1 Matt Duchene             Taylor Hall              Nick Bjugstad            60     0   1  4  
 2 Anze Kopitar             Benoit Pouliot           Jordan Eberle            40     0   1  4  

PowerPlay Defense
   Defense                  Defense                                           Time % Phy DF OF 
 1 Adam Larsson             Oscar Klefbom                                     60     0   2  3  
 2 Josh Gorges              Dalton Prout                                      40     0   2  3  

Penalty Kill 4 Players Forward 
   Center                   Wing                     Time % Phy DF OF 
 1 Anze Kopitar             Jordan Eberle            60     1   3  1  
 2 Max Reinhart             Taylor Hall              40     1   3  1  

Penalty Kill 4 Players Defense
   Defense                  Defense                  Time % Phy DF OF 
 1 Dalton Prout             Adam Larsson             60     1   4  0  
 2 Andrej Sekera            Josh Gorges              40     1   4  0  

Penalty Kill - 3 Players Forward 
   Forward                                           Time % Phy DF OF 
 1 Jordan Eberle                                     60     1   3  1  
 2 Anze Kopitar                                      40     1   3  1  

Penalty Kill - 3 Players Defense
   Defense                  Defense                  Time % Phy DF OF 
 1 Dalton Prout             Adam Larsson             60     1   4  0  
 2 Andrej Sekera            Josh Gorges              40     1   4  0  

4 vs 4 Forward 
   Center                   Wing                     Time % Phy DF OF 
 1 Matt Duchene             Taylor Hall              60     0   2  3  
 2 Anze Kopitar             Jordan Eberle            40     0   2  3  

4 vs 4 Defense
   Defense                  Defense                  Time % Phy DF OF 
 1 Adam Larsson             Oscar Klefbom            60     0   2  3  
 2 Josh Gorges              Dalton Prout             40     1   2  2  

Last Minutes Offensive
   Center                   Left Wing                Right Wing               Defense                  Defense                  
   Matt Duchene             Taylor Hall              Jordan Eberle            Adam Larsson             Oscar Klefbom            

Last Minutes Defensive
   Center                   Left Wing                Right Wing               Defense                  Defense                  
   Anze Kopitar             Taylor Hall              Jordan Eberle            Dalton Prout             Adam Larsson             

Goaltenders
Starting : Petr Mrazek              
Backup : Tyler Weiman             

Extra Forwards
Normal : Jordan Eberle, Taylor Hall, Matt Duchene - PP : Anze Kopitar, Taylor Hall - PK : Dany Heatley
Extra Defensemen
Normal : Dalton Prout, Adam Larsson, Oscar Klefbom - PP : Josh Gorges - PK : Josh Gorges, Oscar Klefbom
Penalty Shots
Benoit Pouliot, Nick Bjugstad, Anze Kopitar, Taylor Hall, Jordan Eberle

Scratches
Erik Gudbranson (Separated Right Shoulder Injury), Jeremy Morin (Broken Bone (Left Arm) Injury)

% Time on Ice - Golden Knights

Lines # - Real PCT - Wanted PCT - Time Play
Normal Forward
1 - 30% - 40% - 15:43
2 - 31% - 30% - 16:26
3 - 25% - 20% - 13:02
4 - 15% - 10% - 7:48
Normal Defense
1 - 36% - 40% - 19:04
2 - 31% - 30% - 16:32
3 - 25% - 20% - 13:00
4 - 8% - 10% - 4:23
PP Forward
1 - 57% - 60% - 1:08
2 - 43% - 40% - 0:51
PP Defense
1 - 41% - 60% - 0:49
2 - 59% - 40% - 1:10
PK Forward
1 - 71% - 60% - 2:55
2 - 29% - 40% - 1:13
PK Defense
1 - 67% - 60% - 2:47
2 - 33% - 40% - 1:21
PK3 Forward
1 - 0% - 60%
2 - 0% - 40%
PK3 Defense
1 - 0% - 60%
2 - 0% - 40%
44 Forward
1 - 0% - 60%
2 - 0% - 40%
44 Defense
1 - 0% - 60%
2 - 0% - 40%
Last Minute Offensive  - 0:54
Last Minute Defensive  - 0:00
Total
Forward - 60:00
Defense - 60:00

% Time on Ice - Panthers

Lines # - Real PCT - Wanted PCT - Time Play
Normal Forward
1 - 36% - 40% - 18:58
2 - 29% - 30% - 15:18
3 - 20% - 20% - 10:50
4 - 15% - 10% - 7:53
Normal Defense
1 - 37% - 40% - 19:38
2 - 31% - 30% - 16:19
3 - 24% - 20% - 12:41
4 - 8% - 10% - 4:21
PP Forward
1 - 58% - 60% - 2:24
2 - 42% - 40% - 1:44
PP Defense
1 - 45% - 60% - 1:52
2 - 55% - 40% - 2:16
PK Forward
1 - 100% - 60% - 1:59
2 - 0% - 40% - 0:00
PK Defense
1 - 50% - 60% - 0:59
2 - 50% - 40% - 1:00
PK3 Forward
1 - 0% - 60%
2 - 0% - 40%
PK3 Defense
1 - 0% - 60%
2 - 0% - 40%
44 Forward
1 - 0% - 60%
2 - 0% - 40%
44 Defense
1 - 0% - 60%
2 - 0% - 40%
Last Minute Offensive  - 0:00
Last Minute Defensive  - 0:54
Total
Forward - 60:00
Defense - 60:00

Play-by-Play

1st period


0:01 of 1st period - Matt Duchene wins face-off versus Andrei Loktionov in neutral zone.
0:13 of 1st period - Minor Penalty to Andrew Cogliano for Tripping.
0:14 of 1st period - Andrei Loktionov wins face-off versus Nick Bjugstad in Golden Knights zone.
0:28 of 1st period - Snap shot by Taylor Hall.
0:28 of 1st period - Deflect By Matt Duchene.
0:28 of 1st period - Stopped by Ondrej Pavelec without a rebound.
0:29 of 1st period - Matt Stajan wins face-off versus Anze Kopitar in Golden Knights zone.
0:29 of 1st period - Matt Stajan is hit by Benoit Pouliot.
1:02 of 1st period - Snap shot by Matt Duchene.
1:02 of 1st period - Stopped by Ondrej Pavelec with a rebound.
1:04 of 1st period - Slapshot by Josh Gorges.
1:04 of 1st period - Stopped by Ondrej Pavelec with a rebound.
2:13 of 1st period - Penalty to Andrew Cogliano is over, Andrew Cogliano is back on ice.
3:02 of 1st period - Daultan Leveillé is hit by Andrei Loktionov and loses puck.
3:27 of 1st period - Luke Glendening is hit by Adam Larsson.
3:47 of 1st period - Backhand shot by Oscar Klefbom.
3:47 of 1st period - Deflect By Daultan Leveillé.
3:47 of 1st period - Stopped by Ondrej Pavelec with a rebound.
3:53 of 1st period - Daultan Leveillé is hit by Andrew Cogliano and loses puck.
5:17 of 1st period - Snap shot by Matt Stajan.
5:17 of 1st period - Shot Blocked by Dan Hamhuis.
5:25 of 1st period - Wrist shot by Byron Bitz.
5:25 of 1st period - Stopped by Ondrej Pavelec without a rebound.
5:26 of 1st period - Matt Duchene wins face-off versus Chris Tierney in Golden Knights zone.
5:35 of 1st period - Snap shot by Matt Duchene.
5:35 of 1st period - Stopped by Ondrej Pavelec without a rebound.
5:36 of 1st period - Matt Duchene wins face-off versus Matt Stajan in Golden Knights zone.
6:13 of 1st period - Wrist shot by Taylor Hall.
6:13 of 1st period - Shot Misses the Net.
6:21 of 1st period - Wrist shot by Matt Duchene.
6:21 of 1st period - Shot Blocked by Mathew Dumba.
6:31 of 1st period - Wrist shot by Nick Bjugstad.
6:31 of 1st period - Shot Blocked by Nathan Horton.
6:33 of 1st period - Wrist shot by Dalton Prout.
6:33 of 1st period - Shot Blocked by Mathew Dumba.
6:35 of 1st period - Slapshot by Taylor Hall.
6:35 of 1st period - Stopped by Ondrej Pavelec without a rebound.
6:36 of 1st period - Anze Kopitar wins face-off versus Matt Stajan in Golden Knights zone.
6:37 of 1st period - Wrist shot by Jordan Eberle.
6:37 of 1st period - Stopped by Ondrej Pavelec without a rebound.
6:38 of 1st period - Matt Stajan wins face-off versus Anze Kopitar in Golden Knights zone.
6:45 of 1st period - Slapshot by Kellan Lain.
6:45 of 1st period - Stopped by Petr Mrazek with a rebound.
6:51 of 1st period - Wrist shot by Jordan Eberle.
6:51 of 1st period - Deflect By Anze Kopitar.
6:51 of 1st period - Stopped by Ondrej Pavelec with a rebound.
8:10 of 1st period - Adam Larsson is hit by Andrei Loktionov and loses puck.
8:47 of 1st period - Wrist shot by Andrei Loktionov.
8:47 of 1st period - Stopped by Petr Mrazek without a rebound.
8:48 of 1st period - Anze Kopitar wins face-off versus Andrei Loktionov in Panthers zone.
9:03 of 1st period - Slapshot by Anze Kopitar.
9:03 of 1st period - Stopped by Ondrej Pavelec without a rebound.
9:04 of 1st period - Matt Stajan wins face-off versus Matt Duchene in Golden Knights zone.
9:09 of 1st period - Backhand shot by Zach Bogosian.
9:09 of 1st period - Deflect By Kellan Lain.
9:09 of 1st period - Shot Misses the Net.
9:09 of 1st period - Puck is out of play.
9:10 of 1st period - Matt Stajan wins face-off versus Matt Duchene in Panthers zone.
9:11 of 1st period - Snap shot by Kellan Lain.
9:11 of 1st period - Shot Misses the Net.
9:13 of 1st period - Backhand shot by Matt Stajan.
9:13 of 1st period - Stopped by Petr Mrazek without a rebound.
9:14 of 1st period - Matt Stajan wins face-off versus Matt Duchene in Panthers zone.
10:14 of 1st period - Slapshot by Matt Stajan.
10:14 of 1st period - Stopped by Petr Mrazek with a rebound.
10:16 of 1st period - Snap shot by Matt Stajan.
10:16 of 1st period - Stopped by Petr Mrazek with a rebound.
10:18 of 1st period - Wrist shot by Damien Brunner.
10:18 of 1st period - Stopped by Petr Mrazek without a rebound.
10:19 of 1st period - Anze Kopitar wins face-off versus Andrei Loktionov in Panthers zone.
11:04 of 1st period - Snap shot by Max Reinhart.
11:04 of 1st period - Shot Blocked by Luke Glendening.
11:33 of 1st period - Off-side.
11:34 of 1st period - Anze Kopitar wins face-off versus Thomas Vanek in neutral zone.
11:37 of 1st period - Snap shot by Anze Kopitar.
11:37 of 1st period - Stopped by Ondrej Pavelec with a rebound.
12:18 of 1st period - Tom Wilson is hit by Oscar Klefbom and loses puck.
12:58 of 1st period - Icing by Josh Gorges.
12:59 of 1st period - Matt Stajan wins face-off versus Anze Kopitar in Panthers zone.
13:08 of 1st period - Slapshot by Zach Bogosian.
13:08 of 1st period - Stopped by Petr Mrazek with a rebound.
13:10 of 1st period - Snap shot by Nathan Horton.
13:10 of 1st period - Deflect By Andrei Loktionov.
13:10 of 1st period - Stopped by Petr Mrazek with a rebound.
13:12 of 1st period - Snap shot by Andrei Loktionov.
13:12 of 1st period - Deflect By Andrew Cogliano.
13:12 of 1st period - Shot Misses the Net.
13:12 of 1st period - Puck is out of play.
13:13 of 1st period - Matt Duchene wins face-off versus Matt Stajan in Panthers zone.
13:40 of 1st period - Oscar Klefbom is hit by Andrew Cogliano and loses puck.
14:07 of 1st period - Adam Larsson is hit by Vladimir Mihalik and loses puck.
14:22 of 1st period - Slapshot by Dalton Prout.
14:22 of 1st period - Deflect By Daultan Leveillé.
14:22 of 1st period - Shot Misses the Net.
14:22 of 1st period - Puck is out of play.
14:23 of 1st period - Daultan Leveillé wins face-off versus Martin Hanzal in Golden Knights zone.
14:24 of 1st period - Wrist shot by R.J. Umberger.
14:24 of 1st period - Stopped by Ondrej Pavelec without a rebound.
14:25 of 1st period - Daultan Leveillé wins face-off versus Martin Hanzal in Golden Knights zone.
14:36 of 1st period - Snap shot by Martin Hanzal.
14:36 of 1st period - Shot Misses the Net.
15:33 of 1st period - Slapshot by Andrei Loktionov.
15:33 of 1st period - Stopped by Petr Mrazek without a rebound.
15:34 of 1st period - Anze Kopitar wins face-off versus Andrew Cogliano in Panthers zone.
15:34 of 1st period - Anze Kopitar is hit by Nathan Horton.
16:15 of 1st period - Snap shot by Anze Kopitar.
16:15 of 1st period - Deflect By Jordan Eberle.
16:15 of 1st period - Shot Misses the Net.
16:15 of 1st period - Puck is out of play.
16:16 of 1st period - Matt Duchene wins face-off versus Chris Tierney in Golden Knights zone.
16:51 of 1st period - Snap shot by Matt Stajan.
16:51 of 1st period - Stopped by Petr Mrazek with a rebound.
17:17 of 1st period - Zach Bogosian is hit by Adam Larsson.
18:02 of 1st period - Off-side.
18:03 of 1st period - Matt Stajan wins face-off versus Nick Bjugstad in neutral zone.
18:40 of 1st period - Icing by Chris Tierney.
18:41 of 1st period - Matt Duchene wins face-off versus Luke Glendening in Golden Knights zone.
18:54 of 1st period - Slapshot by Matt Duchene.
18:54 of 1st period - Stopped by Ondrej Pavelec with a rebound.
19:21 of 1st period - Slapshot by Thomas Vanek.
19:21 of 1st period - Stopped by Petr Mrazek with a rebound.
19:23 of 1st period - Snap shot by Luke Glendening.
19:23 of 1st period - Deflect By Dalton Prout.
19:23 of 1st period - Golden Knights goal is going for a video replay.
19:23 of 1st period - The goal is refused. The puck has been kicked using a distinct kicking motion..
19:24 of 1st period - Matt Duchene wins face-off versus Andrei Loktionov in Panthers zone.
19:24 of 1st period - Matt Duchene is hit by Nathan Horton.
19:51 of 1st period - Oscar Klefbom is hit by Mathew Dumba and loses puck.
Goals for this period are 0 for Golden Knights vs 0 for Panthers.
Shots for this period are 12 for Golden Knights vs 13 for Panthers.

2nd period


0:01 of 2nd period - Andrei Loktionov wins face-off versus Matt Duchene in neutral zone.
0:14 of 2nd period - Icing by Adam Larsson.
0:15 of 2nd period - Andrei Loktionov wins face-off versus Matt Duchene in Panthers zone.
0:42 of 2nd period - Wrist shot by Taylor Hall.
0:42 of 2nd period - Shot Blocked by Andrew Cogliano.
0:44 of 2nd period - Slapshot by Matt Duchene.
0:44 of 2nd period - Shot Misses the Net.
0:52 of 2nd period - Snap shot by Nick Bjugstad.
0:52 of 2nd period - Shot Misses the Net.
0:54 of 2nd period - Wrist shot by Taylor Hall.
0:54 of 2nd period - Shot Blocked by Zach Bogosian.
0:56 of 2nd period - Snap shot by Matt Duchene.
0:56 of 2nd period - Stopped by Ondrej Pavelec with a rebound.
0:58 of 2nd period - Wrist shot by Matt Duchene.
0:58 of 2nd period - Shot Misses the Net.
1:02 of 2nd period - Slapshot by Matt Duchene.
1:02 of 2nd period - Stopped by Ondrej Pavelec with a rebound.
1:04 of 2nd period - Slapshot by Oscar Klefbom.
1:04 of 2nd period - Shot Misses the Net.
1:06 of 2nd period - Slapshot by Adam Larsson.
1:06 of 2nd period - Stopped by Ondrej Pavelec with a rebound.
1:08 of 2nd period - Slapshot by Oscar Klefbom.
1:08 of 2nd period - Deflect By Matt Duchene.
1:08 of 2nd period - Shot Blocked by Zach Bogosian.
1:08 of 2nd period - Puck is out of play.
1:09 of 2nd period - Matt Stajan wins face-off versus Anze Kopitar in Golden Knights zone.
1:41 of 2nd period - Snap shot by Chris Tierney.
1:41 of 2nd period - Deflect By Luke Glendening.
1:41 of 2nd period - Stopped by Petr Mrazek without a rebound.
1:42 of 2nd period - Matt Stajan wins face-off versus Max Reinhart in Panthers zone.
2:31 of 2nd period - Nathan Horton is hit by Andrej Sekera and loses puck.
3:08 of 2nd period - Byron Bitz is hit by Chris Tierney and loses puck.
3:41 of 2nd period - Off-side.
3:42 of 2nd period - Andrei Loktionov wins face-off versus Matt Duchene in neutral zone.
4:05 of 2nd period - Snap shot by Matt Stajan.
4:05 of 2nd period - Shot Misses the Net.
4:35 of 2nd period - Slapshot by Max Reinhart.
4:35 of 2nd period - Shot Misses the Net.
5:28 of 2nd period - Slapshot by Jordan Eberle.
5:28 of 2nd period - Stopped by Ondrej Pavelec with a rebound.
5:36 of 2nd period - Minor Penalty to Martin Hanzal for Tripping.
5:37 of 2nd period - Matt Duchene wins face-off versus Andrei Loktionov in Golden Knights zone.
5:52 of 2nd period - Snap shot by Matt Duchene.
5:52 of 2nd period - Deflect By Taylor Hall.
5:52 of 2nd period - Shot Misses the Net.
5:52 of 2nd period - Puck is out of play.
5:53 of 2nd period - Matt Duchene wins face-off versus Andrei Loktionov in Golden Knights zone.
6:14 of 2nd period - Andrei Loktionov is hit by Josh Gorges and loses puck.
7:36 of 2nd period - Penalty to Martin Hanzal is over, Martin Hanzal is back on ice.
7:43 of 2nd period - Thomas Vanek is hit by Adam Larsson and loses puck.
8:04 of 2nd period - Andrej Sekera is hit by Damien Brunner and loses puck.
8:11 of 2nd period - Matt Stajan is hit by Adam Larsson and loses puck.
8:34 of 2nd period - Slapshot by Eric Gryba.
8:34 of 2nd period - Stopped by Petr Mrazek with a rebound.
8:55 of 2nd period - Danny DeKeiser is hit by Anze Kopitar and loses puck.
9:15 of 2nd period - Wrist shot by Taylor Hall.
9:15 of 2nd period - Shot Misses the Net.
10:12 of 2nd period - Wrist shot by Taylor Hall.
10:12 of 2nd period - Stopped by Ondrej Pavelec with a rebound.
10:14 of 2nd period - Slapshot by Matt Duchene.
10:14 of 2nd period - Shot Misses the Net.
10:24 of 2nd period - Byron Bitz is hit by Luke Glendening and loses puck.
10:33 of 2nd period - Thomas Vanek is hit by Byron Bitz and loses puck.
10:57 of 2nd period - Damien Brunner is hit by Benoit Pouliot and loses puck.
11:08 of 2nd period - Matt Stajan is hit by Josh Gorges and loses puck.
11:27 of 2nd period - Snap shot by Matt Stajan.
11:27 of 2nd period - Stopped by Petr Mrazek with a rebound.
11:29 of 2nd period - Slapshot by Zach Bogosian.
11:29 of 2nd period - Stopped by Petr Mrazek without a rebound.
11:30 of 2nd period - Nick Bjugstad wins face-off versus Chris Tierney in Panthers zone.
11:41 of 2nd period - Wrist shot by Taylor Hall.
11:41 of 2nd period - Stopped by Ondrej Pavelec without a rebound.
11:42 of 2nd period - Matt Duchene wins face-off versus Andrei Loktionov in Golden Knights zone.
11:43 of 2nd period - Snap shot by Taylor Hall.
11:43 of 2nd period - Shot Blocked by Eric Gryba.
11:45 of 2nd period - Snap shot by Taylor Hall.
11:45 of 2nd period - Shot Misses the Net.
11:47 of 2nd period - Wrist shot by Matt Duchene.
11:47 of 2nd period - Stopped by Ondrej Pavelec with a rebound.
11:49 of 2nd period - Wrist shot by Taylor Hall.
11:49 of 2nd period - Shot Misses the Net.
11:51 of 2nd period - Slapshot by Adam Larsson.
11:51 of 2nd period - Deflect By Nick Bjugstad.
11:51 of 2nd period - Stopped by Ondrej Pavelec without a rebound.
11:52 of 2nd period - Matt Duchene wins face-off versus Andrei Loktionov in Golden Knights zone.
12:48 of 2nd period - Wrist shot by Matt Duchene.
12:48 of 2nd period - Shot Misses the Net.
13:00 of 2nd period - Matt Duchene is hit by Nathan Horton and loses puck.
13:07 of 2nd period - Danny DeKeiser is hit by Taylor Hall.
14:06 of 2nd period - Nick Bjugstad is hit by Andrei Loktionov and loses puck.
14:17 of 2nd period - Snap shot by Taylor Hall.
14:17 of 2nd period - Stopped by Ondrej Pavelec with a rebound.
14:19 of 2nd period - Slapshot by Taylor Hall.
14:19 of 2nd period - Stopped by Ondrej Pavelec without a rebound.
14:20 of 2nd period - Matt Stajan wins face-off versus Jordan Eberle in Golden Knights zone.
14:25 of 2nd period - Slapshot by Zach Bogosian.
14:25 of 2nd period - Shot Misses the Net.
14:33 of 2nd period - Slapshot by Dalton Prout.
14:33 of 2nd period - Stopped by Ondrej Pavelec without a rebound.
14:34 of 2nd period - Anze Kopitar wins face-off versus Matt Stajan in Golden Knights zone.
14:50 of 2nd period - Slapshot by Zach Bogosian.
14:50 of 2nd period - Shot Misses the Net.
15:00 of 2nd period - Luke Glendening is hit by Dany Heatley and loses puck.
15:31 of 2nd period - Wrist shot by R.J. Umberger.
15:31 of 2nd period - Stopped by Ondrej Pavelec with a rebound.
16:39 of 2nd period - Slapshot by Max Reinhart.
16:39 of 2nd period - Stopped by Ondrej Pavelec with a rebound.
17:25 of 2nd period - R.J. Umberger is hit by Olli Maatta and loses puck.
19:44 of 2nd period - Thomas Vanek is hit by Dan Hamhuis and loses puck.
Goals for this period are 0 for Golden Knights vs 0 for Panthers.
Shots for this period are 4 for Golden Knights vs 13 for Panthers.

3rd period


0:01 of 3rd period - Andrei Loktionov wins face-off versus Matt Duchene in neutral zone.
0:05 of 3rd period - Off-side.
0:06 of 3rd period - Andrei Loktionov wins face-off versus Matt Duchene in neutral zone.
0:09 of 3rd period - Taylor Hall is hit by Andrei Loktionov and loses puck.
0:14 of 3rd period - Slapshot by Zach Bogosian.
0:14 of 3rd period - Stopped by Petr Mrazek without a rebound.
0:15 of 3rd period - Matt Duchene wins face-off versus Nathan Horton in Panthers zone.
0:26 of 3rd period - Wrist shot by Matt Duchene.
0:26 of 3rd period - Stopped by Ondrej Pavelec without a rebound.
0:27 of 3rd period - Andrei Loktionov wins face-off versus Matt Duchene in Golden Knights zone.
1:23 of 3rd period - Backhand shot by Max Reinhart.
1:23 of 3rd period - Stopped by Ondrej Pavelec without a rebound.
1:24 of 3rd period - Andrei Loktionov wins face-off versus Matt Duchene in Golden Knights zone.
1:41 of 3rd period - Slapshot by Nathan Horton.
1:41 of 3rd period - Shot Blocked by Adam Larsson.
1:51 of 3rd period - Wrist shot by Matt Stajan.
1:51 of 3rd period - Shot Misses the Net.
1:53 of 3rd period - Snap shot by Matt Stajan.
1:53 of 3rd period - Shot Blocked by Oscar Klefbom.
1:55 of 3rd period - Backhand shot by Damien Brunner.
1:55 of 3rd period - Stopped by Petr Mrazek without a rebound.
1:56 of 3rd period - Kellan Lain wins face-off versus Anze Kopitar in Panthers zone.
1:57 of 3rd period - Wrist shot by Matt Stajan.
1:57 of 3rd period - Deflect By Andrej Sekera.
1:57 of 3rd period - Shot Blocked by Dan Hamhuis.
1:57 of 3rd period - Puck is out of play.
1:58 of 3rd period - Nick Bjugstad wins face-off versus Matt Stajan in Panthers zone.
2:58 of 3rd period - Minor Penalty to Anze Kopitar for Hooking.
2:59 of 3rd period - Nathan Horton wins face-off versus Dany Heatley in Panthers zone.
4:58 of 3rd period - Penalty to Anze Kopitar is over, Anze Kopitar is back on ice.
5:05 of 3rd period - Off-side.
5:06 of 3rd period - Matt Duchene wins face-off versus Chris Tierney in neutral zone.
5:09 of 3rd period - Chris Tierney is hit by Matt Duchene and loses puck.
5:40 of 3rd period - Max Reinhart is hit by Tom Wilson and loses puck.
6:13 of 3rd period - Slapshot by Zach Bogosian.
6:13 of 3rd period - Stopped by Petr Mrazek without a rebound.
6:14 of 3rd period - Chris Tierney wins face-off versus Daultan Leveillé in Panthers zone.
6:39 of 3rd period - Matt Stajan is hit by Andrej Sekera.
6:47 of 3rd period - Matt Stajan is hit by Taylor Hall and loses puck.
7:06 of 3rd period - Benoit Pouliot is hit by Danny DeKeiser.
8:01 of 3rd period - Nathan Horton is hit by Nick Bjugstad and loses puck.
8:30 of 3rd period - Wrist shot by Byron Bitz.
8:30 of 3rd period - Stopped by Ondrej Pavelec with a rebound.
8:32 of 3rd period - Slapshot by Max Reinhart.
8:32 of 3rd period - Shot Misses the Net.
8:34 of 3rd period - Slapshot by Dalton Prout.
8:34 of 3rd period - Shot Misses the Net.
8:36 of 3rd period - Wrist shot by Max Reinhart.
8:36 of 3rd period - Stopped by Ondrej Pavelec without a rebound.
8:37 of 3rd period - Matt Duchene wins face-off versus Andrei Loktionov in Golden Knights zone.
8:38 of 3rd period - Snap shot by Taylor Hall.
8:38 of 3rd period - Stopped by Ondrej Pavelec with a rebound.
8:57 of 3rd period - Icing by Oscar Klefbom.
8:58 of 3rd period - Matt Stajan wins face-off versus Anze Kopitar in Panthers zone.
9:29 of 3rd period - Dalton Prout is hit by Andrew Cogliano and loses puck.
9:47 of 3rd period - Danny DeKeiser is hit by Dalton Prout and loses puck.
10:33 of 3rd period - Snap shot by Matt Stajan.
10:33 of 3rd period - Stopped by Petr Mrazek with a rebound.
10:35 of 3rd period - Snap shot by Matt Stajan.
10:35 of 3rd period - Shot Misses the Net.
10:49 of 3rd period - Olli Maatta is hit by Matt Duchene.
10:59 of 3rd period - Snap shot by Taylor Hall.
10:59 of 3rd period - Shot Misses the Net.
11:02 of 3rd period - Icing by Olli Maatta.
11:03 of 3rd period - Anze Kopitar wins face-off versus Chris Tierney in Golden Knights zone.
11:23 of 3rd period - Oscar Klefbom is hit by Chris Tierney and loses puck.
11:30 of 3rd period - Wrist shot by Chris Tierney.
11:30 of 3rd period - Stopped by Petr Mrazek without a rebound.
11:31 of 3rd period - Andrei Loktionov wins face-off versus Matt Duchene in Panthers zone.
11:34 of 3rd period - Wrist shot by Andrew Cogliano.
11:34 of 3rd period - Stopped by Petr Mrazek with a rebound.
11:42 of 3rd period - Snap shot by Andrew Cogliano.
11:42 of 3rd period - Shot Misses the Net.
12:22 of 3rd period - Slapshot by Zach Bogosian.
12:22 of 3rd period - Shot Misses the Net.
12:24 of 3rd period - Wrist shot by Andrei Loktionov.
12:24 of 3rd period - Shot Misses the Net.
12:26 of 3rd period - Snap shot by Tom Wilson.
12:26 of 3rd period - Stopped by Petr Mrazek without a rebound.
12:27 of 3rd period - Matt Duchene wins face-off versus Martin Hanzal in Panthers zone.
12:53 of 3rd period - Josh Gorges is hit by Danny DeKeiser.
13:03 of 3rd period - Snap shot by Anze Kopitar.
13:03 of 3rd period - Stopped by Ondrej Pavelec without a rebound.
13:04 of 3rd period - Matt Stajan wins face-off versus Matt Duchene in Golden Knights zone.
13:42 of 3rd period - Slapshot by Zach Bogosian.
13:42 of 3rd period - Stopped by Petr Mrazek with a rebound.
13:44 of 3rd period - Slapshot by Zach Bogosian.
13:44 of 3rd period - Stopped by Petr Mrazek with a rebound.
14:16 of 3rd period - Snap shot by Tom Wilson.
14:16 of 3rd period - Stopped by Petr Mrazek without a rebound.
14:17 of 3rd period - Martin Hanzal wins face-off versus Nick Bjugstad in Panthers zone.
14:36 of 3rd period - Taylor Hall is hit by Andrei Loktionov and loses puck.
14:52 of 3rd period - Wrist shot by Taylor Hall.
14:52 of 3rd period - Stopped by Ondrej Pavelec with a rebound.
14:56 of 3rd period - Wrist shot by Taylor Hall.
14:56 of 3rd period - Shot Misses the Net.
14:58 of 3rd period - Snap shot by Nick Bjugstad.
14:58 of 3rd period - Deflect By Matt Duchene.
14:58 of 3rd period - Shot Misses the Net.
14:58 of 3rd period - Puck is out of play.
14:59 of 3rd period - Anze Kopitar wins face-off versus Matt Stajan in Golden Knights zone.
15:05 of 3rd period - Off-side.
15:06 of 3rd period - Anze Kopitar wins face-off versus Matt Stajan in neutral zone.
15:52 of 3rd period - Slapshot by Zach Bogosian.
15:52 of 3rd period - Shot Misses the Net.
16:02 of 3rd period - Slapshot by Matt Duchene.
16:02 of 3rd period - Shot Blocked by Zach Bogosian.
16:30 of 3rd period - Snap shot by Andrei Loktionov.
16:30 of 3rd period - Shot Misses the Net.
16:48 of 3rd period - Taylor Hall is hit by Eric Gryba and loses puck.
17:36 of 3rd period - Nick Bjugstad is hit by Eric Gryba.
18:41 of 3rd period - Vladimir Mihalik is hit by Max Reinhart and loses puck.
18:55 of 3rd period - Minor Penalty to Vladimir Mihalik for Interference.
18:56 of 3rd period - Matt Duchene wins face-off versus Andrei Loktionov in Golden Knights zone.
19:05 of 3rd period - Snap shot by Taylor Hall.
19:05 of 3rd period - Goal by Taylor Hall - Golden Knights : 0 - Panthers : 1.
19:06 of 3rd period - Andrei Loktionov wins face-off versus Taylor Hall in neutral zone.
19:09 of 3rd period - Golden Knights, Ondrej Pavelec is pulled from the net.
19:13 of 3rd period - Snap shot by Nathan Horton.
19:13 of 3rd period - Shot Misses the Net.
19:15 of 3rd period - Snap shot by Andrei Loktionov.
19:15 of 3rd period - Stopped by Petr Mrazek without a rebound.
19:16 of 3rd period - Guy Boucher call a timeout for Golden Knights.
19:16 of 3rd period - Andrei Loktionov wins face-off versus Anze Kopitar in Panthers zone.
19:17 of 3rd period - Wrist shot by Zach Bogosian.
19:17 of 3rd period - Shot Misses the Net.
19:19 of 3rd period - Snap shot by Mathew Dumba.
19:19 of 3rd period - Shot Misses the Net.
19:21 of 3rd period - Snap shot by Nathan Horton.
19:21 of 3rd period - Shot Blocked by Dalton Prout.
19:23 of 3rd period - Slapshot by Nathan Horton.
19:23 of 3rd period - Stopped by Petr Mrazek without a rebound.
19:24 of 3rd period - Andrei Loktionov wins face-off versus Anze Kopitar in Panthers zone.
19:31 of 3rd period - Backhand shot by Andrew Cogliano.
19:31 of 3rd period - Shot Misses the Net.
19:33 of 3rd period - Wrist shot by Andrei Loktionov.
19:33 of 3rd period - Shot Misses the Net.
19:35 of 3rd period - Snap shot by Andrei Loktionov.
19:35 of 3rd period - Stopped by Petr Mrazek with a rebound.
19:41 of 3rd period - Slapshot by Andrew Cogliano.
19:41 of 3rd period - Stopped by Petr Mrazek with a rebound.
19:43 of 3rd period - Wrist shot by Zach Bogosian.
19:43 of 3rd period - Shot Blocked by Taylor Hall.
19:45 of 3rd period - Wrist shot by Mathew Dumba.
19:45 of 3rd period - Deflect By Andrei Loktionov.
19:45 of 3rd period - Stopped by Petr Mrazek without a rebound.
19:46 of 3rd period - Andrei Loktionov wins face-off versus Anze Kopitar in Panthers zone.
Goals for this period are 0 for Golden Knights vs 1 for Panthers.
Shots for this period are 15 for Golden Knights vs 8 for Panthers.